Map: Jagannatha LE

Players

Talenelat - Winner!

  • Race: Zerg Zerg
  • League: Master
  • Spawn Location: 1:00

Justiniano

  • Race: Terran Terran
  • League: Gold
  • Spawn Location: 7:00

VOD

Have the link to the VOD?

Description

Time

  • Played on: April 4, 2021, 2:57 p.m.
  • Length: 21:01
Show
View Real Time Build Order
Export as new Build Order

Talenelat Zerg - Winner!

Build Orders: Hatch First, Lurkers 

Get SALT Encoding   

  12  0:01  Drone  
  13  0:13  Overlord  
  13  0:17  Drone  
  14  0:33  Drone x2  
  16  0:36  Drone  
  17  0:53  Drone  
  18  1:02  Drone  
  19  1:04  Extractor, Hatchery  
  17  1:25  Spawning Pool  
  16  1:27  Drone x2  
  18  1:43  Overlord, Drone  
  19  1:54  Drone  
  20  2:19  Zergling x4  
  20  2:20  Zergling x2, Queen x2  
  20  2:22  Metabolic Boost  
  27  2:25  Zergling x2  
  28  2:49  Drone  
  28  2:50  Drone  
  28  2:51  Drone x2  
  32  3:20  Overlord x3  
  32  3:22  Hatchery  
  31  3:32  Drone  
  31  3:33  Drone x4  
  36  3:45  Drone x2  
  36  3:46  Drone x2  
  36  3:47  Drone  
  41  3:53  Queen  
  43  4:12  Drone x4  
  43  4:13  Drone  
  43  4:14  Overlord  
  48  4:20  Spore Crawler  
  47  4:25  Spore Crawler  
  47  4:27  Zergling x12  
  51  4:47  Overlord  
  51  4:48  Drone x3  
  54  4:58  Drone x3  
  54  4:59  Queen  
  59  5:01  Drone  
  59  5:02  Drone x4  
  59  5:04  Overlord  
  66  5:08  Lair  
  66  5:14  Baneling Nest  
  63  5:15  Extractor  
  62  5:26  Extractor  
  61  5:30  Drone x2  
  61  5:31  Drone x5  
  68  5:38  Spore Crawler, Zergling x4  
  69  5:51  Zergling x6  
  69  5:52  Drone x2  
  69  5:53  Drone x4  
  69  5:56  Overlord  
  75  6:15  Evolution Chamber  
  74  6:34  Zergling x10  
  74  6:35  Zergling x12  
  85  6:44  Zerg Melee Weapons Level 1  
  85  6:47  Hydralisk Den  
  85  6:49  Extractor  
  85  6:51  Drone x4  
  85  6:52  Drone x4, Extractor  
  90  7:00  Baneling x4  
  90  7:01  Baneling x6  
  90  7:02  Baneling x2  
  90  7:04  Overlord x4  
  90  7:05  Overlord  
  90  7:07  Centrifical Hooks  
  90  7:36  Hatchery  
  89  7:43  Hatchery  
  88  8:00  Hydralisk  
  88  8:01  Hydralisk x12  
  107  8:29  Lurker Den, Hydralisk x3  
  112  8:40  Extractor  
  112  8:41  Hydralisk x2  
  111  8:42  Hydralisk  
  108  9:07  Zergling x10  
  108  9:08  Zergling x12  
  108  9:09  Zergling x4  
  121  9:25  Zerg Missile Weapons Level 1  
  121  9:27  Infestation Pit  
  106  9:40  Overseer x2  
  106  9:43  Overlord x6  
  106  9:44  Overlord x3  
  106  9:50  Lurker x2  
  106  9:51  Lurker x2  
  110  10:14  Drone x4  
  114  10:21  Drone x3  
  114  10:22  Drone x7  
  114  10:23  Drone x3  
  114  10:24  Drone x2  
  129  10:30  Hive  
  129  10:34  Burrow  
  129  11:08  Hydralisk  
  129  11:09  Hydralisk x6  
  129  11:10  Hydralisk x8  
  159  11:15  Extractor  
  159  11:17  Extractor  
  154  11:20  Zerg Ground Armor Level 1  
  154  11:23  Zergling x2  
  154  11:24  Zergling x8  
  158  11:46  Adaptive Talons  
  158  11:57  Zergling x8  
  158  11:58  Zergling x22  
  173  12:03  Lurker  
  173  12:04  Lurker x4  
  178  12:15  Hatchery  
  176  12:17  Hatchery x2  
  173  12:24  Hydralisk  
  173  12:25  Hydralisk x6  
  156  12:43  Zergling x4, Seismic Spines  
  156  12:44  Zergling x20  
  147  13:00  Overseer x3  
  146  13:06  Hydralisk x7  
  146  13:08  Overlord  
  160  13:29  Hydralisk x7  
  160  13:31  Hydralisk  
  169  13:35  Zergling x2  
  170  13:45  Zergling x2, Drone  
  170  13:46  Zergling x10  
  170  13:48  Grooved Spines  
  177  13:58  Evolution Chamber  
  176  14:04  Extractor  
  176  14:05  Extractor, Drone x2  
  176  14:06  Drone x3  
  176  14:08  Drone x3  
  176  14:09  Viper  
  180  14:59  Muscular Augments  
  169  15:06  Hydralisk  
  168  15:07  Hydralisk x5  
  168  15:08  Hydralisk  
  168  15:09  Zergling x4  
  165  15:21  Hydralisk  
  165  15:22  Hydralisk x14  
  167  15:57  Overseer  
  167  15:58  Overseer  
  167  15:59  Overseer x2  
  167  16:10  Lurker x3  
  167  16:11  Lurker x3  
  173  16:12  Hydralisk  
  173  16:13  Hydralisk  
  173  16:14  Zergling x16  
  173  16:15  Zergling x6  
  173  16:16  Overlord x5  
  155  16:48  Zergling x2  
  155  16:49  Zergling x34  
  173  17:37  Hydralisk x2  
  173  17:38  Hydralisk x5  
  173  17:39  Hydralisk x5  
  173  17:40  Hydralisk  
  199  17:44  Hatchery  
  176  18:21  Hydralisk  
  176  18:22  Hydralisk x5  
  176  18:23  Hydralisk x2  
  176  18:24  Hydralisk x3  
  182  19:07  Zergling x30  
  180  19:21  Spawning Pool  
  180  19:23  Evolution Chamber  
  172  19:42  Extractor  
  172  19:43  Extractor  
Show
View Real Time Build Order
Export as new Build Order

Justiniano Terran 

Build Orders:  

Get SALT Encoding   

  12  0:02  SCV  
  13  0:14  SCV  
  14  0:22  Supply Depot  
  14  0:33  SCV  
  15  0:45  SCV  
  15  0:46  Barracks  
  16  0:57  SCV  
  17  1:04  Refinery  
  17  1:09  SCV  
  18  1:21  SCV  
  19  1:33  SCV  
  20  1:49  Marine  
  20  1:50  Command Center  
  21  1:56  Orbital Command  
  21  2:07  Marine  
  22  2:12  Bunker  
  23  2:22  SCV  
  23  2:26  Supply Depot  
  23  2:28  Refinery  
  23  2:37  Barracks Reactor  
  23  2:39  SCV  
  23  3:02  Bunker  
  23  3:06  Orbital Command  
  23  3:11  Factory  
  23  3:20  Marine  
  23  3:21  Marine  
  25  3:32  SCV  
  26  3:36  Engineering Bay  
  26  3:44  SCV  
  27  3:50  Supply Depot  
  27  3:54  Barracks Tech Lab  
  27  3:56  SCV  
  28  4:09  SCV  
  29  4:10  Refinery  
  29  4:13  Hellion x2  
  35  4:17  Marauder  
  35  4:21  SCV  
  35  4:23  Factory  
  36  4:26  Supply Depot, SCV  
  37  4:33  SCV  
  40  4:38  Hellion, SCV  
  40  4:42  Marauder  
  40  4:43  Concussive Shells  
  40  4:45  SCV  
  44  4:50  SCV  
  45  4:57  Refinery  
  45  5:00  Hellion  
  45  5:01  Hellion  
  49  5:09  Factory Tech Lab  
  49  5:13  SCV x2  
  51  5:22  Armory  
  51  5:25  SCV  
  51  5:26  Stimpack, SCV  
  53  5:43  Barracks  
  53  5:48  Siege Tank  
  53  5:49  Command Center  
  56  5:51  Widow Mine  
  54  6:11  Terran Vehicle And Ship Armor Level 1  
  54  6:13  Terran Infantry Weapons Level 1  
  54  6:16  Marauder  
  58  6:18  Hellion  
  58  6:19  Hellion  
  58  6:22  Drilling Claws  
  58  6:25  SCV x2  
  62  6:42  Barracks Reactor  
  62  6:47  Supply Depot  
  62  6:49  Supply Depot  
  62  7:00  SCV  
  63  7:11  Marauder  
  63  7:12  Combat Shield  
  65  7:18  Hellion x2  
  65  7:22  Marine x2  
  71  7:32  Marine  
  72  7:41  Planetary Fortress  
  72  7:46  Supply Depot  
  72  7:47  Supply Depot  
  72  7:49  Supply Depot  
  72  7:56  Marine x2  
  72  7:57  Marauder  
  76  7:59  Widow Mine x2, Siege Tank  
  82  8:16  Supply Depot  
  82  8:19  Marauder, Starport  
  84  8:20  Widow Mine x2  
  84  8:25  Terran Infantry Weapons Level 2  
  88  8:29  SCV  
  88  8:31  Siege Tank  
  92  8:40  Marine x2  
  94  8:41  SCV  
  94  8:42  Marauder  
  97  8:50  Terran Vehicle And Ship Armor Level 2  
  97  8:54  SCV  
  98  9:01  Armory  
  98  9:03  Siege Tank  
  98  9:06  SCV  
  102  9:18  SCV  
  104  9:24  SCV x2  
  104  9:28  Refinery  
  104  9:30  SCV  
  106  9:36  SCV x2  
  106  9:49  Marine x2, Marauder  
  106  9:52  Medivac  
  112  9:56  Thor  
  112  9:58  Widow Mine x2  
  122  10:07  Marine x2  
  122  10:13  Sensor Tower  
  124  10:18  Missile Turret  
  124  10:19  Missile Turret  
  124  10:21  Supply Depot  
  124  10:22  Supply Depot  
  124  10:25  Marine  
  125  10:30  Marauder, Medivac  
  125  10:35  Hellion x2  
  133  10:48  Terran Vehicle Weapons Level 1  
  133  10:54  Missile Turret  
  133  10:56  Hellion x2  
  137  10:59  Missile Turret  
  137  11:05  Starport Reactor  
  137  11:07  Thor  
  143  11:18  Hellion x2  
  147  11:39  Hellion x2  
  151  11:55  Marine, Marauder  
  151  11:56  Marine  
  155  12:13  Marine x2  
  101  13:04  Marine x2, Marauder  
  105  13:07  Widow Mine x3  
  111  13:22  Marine x2  
  111  13:25  Marauder  
  115  13:28  Siege Tank  
  110  13:35  Widow Mine x2  
  110  13:39  Liberator x2  
  120  13:44  SCV x3  
  123  13:50  Supply Depot  
  123  13:56  Hellion, SCV x2  
  123  13:57  Hellion  
  129  14:10  Thor  
  129  14:12  Barracks  
  129  14:13  Terran Vehicle Weapons Level 2  
  129  14:14  Barracks  
  129  14:15  Terran Vehicle And Ship Armor Level 3  
  135  14:17  Barracks  
  135  14:18  Hellion  
  135  14:22  Liberator x2  
  143  14:25  Refinery  
  143  14:30  Terran Infantry Weapons Level 3  
  143  14:31  Command Center  
  135  15:12  Medivac x2  
  80  15:33  Siege Tank  
  80  15:34  Marauder  
  80  15:35  Marine x5  
  68  15:41  Liberator x2  
  74  15:53  Marine  
  74  15:56  Marauder  
  77  16:01  Widow Mine x2  
  81  16:05  Siege Tank  
  82  16:17  Marauder  
  84  16:20  Barracks Tech Lab x2  
  84  16:21  Barracks Reactor  
  84  16:22  Widow Mine x2  
  88  16:37  Widow Mine  
  78  16:52  Missile Turret  
  76  16:55  Marine x2, Marauder x3, Missile Turret  
  76  16:58  Medivac x2  
  88  17:07  Orbital Command  
  88  17:13  Marine x2  
  88  17:14  Supply Depot  
  90  17:15  Marine, Supply Depot  
  90  17:17  Hellion x2  
  90  17:20  Siege Tank  
  90  17:21  Marauder x2  
  90  17:22  Marine x2  
  104  17:27  Medivac  
  104  17:28  Medivac  
  104  17:29  Missile Turret  
  108  17:31  Marine x2  
  108  17:34  Marauder  
  112  17:38  Supply Depot, Hellion  
  112  17:39  Marine x2, Supply Depot, Hellion  
  112  17:42  Refinery  
  112  17:43  SCV  
  120  17:51  Refinery  
  119  17:52  Siege Tank, Missile Turret  
  122  18:00  Hellion x2  
  107  18:30  Siege Tank  
  64  19:23  Command Center  
  60  19:26  Engineering Bay  
  60  19:28  SCV  
  53  19:40  SCV  
  55  19:52  SCV  
Tags
 
Composition
Lurkers
Matchup
TvZ
Spawn Locations
Cross Positions
Add a new tag
Caveats
  • Supply blocks, unpowered buildings, or Contaminate may cause inaccurate times.
  • Supply counts are checked every 10 seconds.